 Dungeon Crawl Stone Soup version 0.31-a0-437-g7cee417757 (webtiles) character file.

Game seed: 3869175681639600901

1561 MacCMillion the Grappler (level 8, -16/71 HPs)
             Began as a Yellow Draconian Shapeshifter on Aug 2, 2023.
             Was an Initiate of Okawaru.
             Demolished by an orc wizard
             ... wielding a +0 dagger of electrocution
              (20 damage)
             ... on level 5 of the Dungeon.
             The game lasted 00:08:09 (6461 turns).

MacCMillion the Grappler (DrSh)                     Turns: 6461, Time: 00:08:09

Health: -16/71     AC:  6    Str: 20    XL:     8   Next: 58%
Magic:  8/8        EV: 12    Int:  9    God:    Okawaru [......]
Gold:   231        SH:  0    Dex: 11    Spells: 7/7 levels left

rFire   . .          .
                       - Unarmed
rCold   . . .        (no shield)
rNeg    . . .        (body armour unavailable)
rPois   .            (helmet currently unavailable)
rElec   .            (cloak currently unavailable)
rCorr   +            (gloves currently unavailable)
SInv    .            (boots currently unavailable)
Will    .....        (no amulet)
Stlth   +            (no ring)
HPRegen 0.31/turn    (no ring)
MPRegen 0.11/turn

%: no passive effects
@: short of breath, beast-form
A: beast (slay +3), spit acid, AC +6, unfitting armour, cold-blooded, acid
resistance
a: Breathe Acid, Begin Untransformation, Renounce Religion


You were on level 5 of the Dungeon.
You worshipped Okawaru.
Okawaru was noncommittal.
You were a hulking beast.
You visited 2 branches of the dungeon, and saw 6 of its levels.

You collected 231 gold pieces.

Inventory:

Missiles
 c - 8 poisoned darts (quivered)
Armour
 o - a +0 cloak
 s - a +0 pair of boots
 t - a scarf of shadows
Talismans
 b - a beast talisman (active)
Wands
 u - a wand of flame (8)
Scrolls
 d - 2 scrolls of enchant weapon
 e - a scroll of identify
 f - 2 scrolls of immolation
 i - 2 scrolls of fog
 k - 2 scrolls of vulnerability
 l - 2 scrolls of fear
 n - 4 scrolls of revelation {unknown}
 r - 2 scrolls of teleportation {unknown}
 w - a scroll of amnesia {unknown}
Potions
 a - 2 potions of lignification
 g - 6 potions of curing
 h - a potion of berserk rage
 j - a potion of heal wounds
 m - a potion of cancellation {unknown}
 p - a potion of mutation {unknown}
 q - 2 potions of degeneration {unknown}
 v - 2 potions of might {unknown}


   Skills:
 + Level 6.7 Fighting
 - Level 1.7 Dodging
 + Level 8.5 Unarmed Combat
 * Level 4.5 Shapeshifting


You had 7 spell levels left.
You didn't know any spells.
Your spell library contained the following spells:

 Spells                   Type           Power      Damage    Failure   Level
 Lesser Beckoning         Tloc           0%         N/A       52%         2
 Gell's Gravitas          Tloc           0%         N/A       77%         3
 Portal Projectile        Hex/Tloc       0%         N/A       77%         3
 Teleport Other           Tloc           0%         N/A       77%         3
 Iskenderun's Mystic Bla  Conj/Tloc      0%         2d3       99%         4
 Tukima's Dance           Hex            Unusable   N/A       N/A         3

Dungeon Overview and Level Annotations

Branches:
Dungeon (5/15)             Temple (1/1) D:5

Altars:
Cheibriados
Dithmenos
Fedhas
Gozag
Hepliaklqana
Kikubaaqudgha
Okawaru
Qazlal
Ru
Sif Muna
Trog
Uskayaw
Vehumet
Wu Jian
Xom
Yredelemnul
Zin

Annotations:
D:5 dig


Innate Abilities, Weirdness & Mutations

You are a hulking beast.
Your limbs bulge with bestial killing power. (Slay +3)
You can spit globs of acid.
Your golden yellow scales are hard. (AC +6)
You cannot fit into any form of body armour.
You are cold-blooded and may be slowed by cold attacks.
You are resistant to acid. (rCorr)


Message History

Something hits you.
Items here: ( ) [ †.
You closely miss the hound. The hound bites you.
You closely miss something. You tail-slap something.
Something hits you but does no damage. The hound closely misses you.
You closely miss something. The hound barely misses you.
You hear some strange, mumbled words.
A magic dart appears from out of thin air!
The magic dart hits you but does no damage.
You hit something.
Your tail-slap misses something.
Your punch misses something. The hound bites you but does no damage.
Something hits you but does no damage.
You are electrocuted!!
The hound barely misses you.
You barely miss something.
The iguana bites you but does no damage.
The hound closely misses you. Something hits you but does no damage.
You hit something. The hound bites you. The iguana bites you!
Something hits you but does no damage. The iguana attacks as you move away!
The iguana misses you.
You hear some strange, mumbled words.
A magic dart appears from out of thin air!
The magic dart hits you. The hound closely misses you.
Things that are here:
a +0 dagger; a +0 scale mail; an orc corpse You hit the hound.
The hound is moderately wounded.
The hound bites you.
You hit the hound.
The hound is moderately wounded.
Something hits you. The hound barely misses you.
You barely miss something. Your punch misses something. The hound bites you.
Something hits you but does no damage.
You miss something. The hound barely misses you. Something hits you.
You are electrocuted!!
* * * LOW HITPOINT WARNING * * *
You closely miss something. Your punch misses something.
The hound closely misses you. Something hits you.
* * * LOW HITPOINT WARNING * * *
You are electrocuted!!
You die...

#####.........#.## #
#........[#..### #
#.........))...## #
#......[...###..# #
...#..#.#...##.##.# #
###.###.....#$.$#)#### #.
#.....#.∩.#))...
######.###.....#555#.####
....))lhh......##5##....#
###.###{##.#....###...#.#
#.##.####.....#.#.#
#.##.# #.#.###.#.. #.##.#
#.#.###.### #.##.#
#.#.#.....# #.##.#
#.#.#.#.#.#
#.##.####..........
#...........#.#.#.#


You could see an iguana and a hound.

Vanquished Creatures
  A steam dragon (D:5)
  Edmund (D:5)
  A water moccasin (D:5)
  2 phantoms (D:5)
  5 scorpions
  3 wights
  4 killer bees (D:5)
  A jelly (D:5)
  2 hounds
  2 gnoll boudas (D:5)
  An iguana (D:4)
  Ijyb (D:5)
  9 gnolls (D:5)
  4 adders
  A white imp (D:5)
  4 worms
  6 dart slugs
  6 orcs
  3 bats
  10 endoplasms
  3 giant cockroaches
  9 goblins
  8 hobgoblins
  4 jackals (D:1)
  4 kobolds
  4 quokkas
  6 ball pythons
  5 frilled lizards
  5 rats
115 creatures vanquished.

Vanquished Creatures (others)
  An adder (D:5)
1 creature vanquished.

Grand Total: 116 creatures vanquished

Notes
Turn   | Place    | Note
-------+----------+-------------------------------------------
     0 | D:1      | MacCMillion the Draconian Shapeshifter began the quest for
                  | the Orb.
     0 | D:1      | Reached XP level 1. HP: 16/16 MP: 1/1
   128 | D:1      | Reached XP level 2. HP: 18/23 MP: 2/2
   745 | D:2      | Reached XP level 3. HP: 26/29 MP: 3/3
   926 | D:2      | Reached skill level 4 in Unarmed Combat
  1317 | D:2      | Found a faded altar of an unknown god.
  1659 | D:3      | Reached XP level 4. HP: 37/37 MP: 4/4
  2601 | D:4      | Reached skill level 5 in Unarmed Combat
  2601 | D:4      | Reached XP level 5. HP: 28/45 MP: 5/5
  2977 | D:4      | Reached XP level 6. HP: 22/52 MP: 6/6
  3157 | D:4      | Reached skill level 6 in Unarmed Combat
  4613 | D:5      | Entered Level 5 of the Dungeon
  4736 | D:5      | Your scales start taking on a golden yellow colour.
  4736 | D:5      | Reached XP level 7. HP: 51/60 MP: 7/7
  4736 | D:5      | Gained mutation: You are resistant to acid. (rCorr) [Yellow
                  | Draconian growth]
  4835 | D:5      | Noticed a steam dragon
  4861 | D:5      | Killed a steam dragon
  4862 | D:5      | Reached skill level 5 in Fighting
  4862 | D:5      | Reached skill level 7 in Unarmed Combat
  4973 | D:5      | Found a staircase to the Ecumenical Temple.
  5345 | D:5      | Reached skill level 8 in Unarmed Combat
  5405 | D:5      | Noticed Edmund
  5478 | D:5      | Killed Edmund
  5479 | D:5      | Reached XP level 8. HP: 57/70 MP: 8/8
  6133 | D:5      | Noticed Ijyb
  6142 | D:5      | Killed Ijyb
  6217 | Temple   | Entered the Ecumenical Temple
  6300 | Temple   | Became a worshipper of Warmaster Okawaru
  6461 | D:5      | Demolished by an orc wizard

Illustrated notes

Levels and vault maps discovered:
D:1:      scummos_arrival_simple_fountains, layout_loops_ring
D:2:      layout_loops_ring, shapermc_ecumenical_altar_mp_vishouse,
          nicolae_hexahallways, kennysheep_generic_room_14
D:3:      layout_basic
D:4:      layout_basic, minmay_three_crescents
D:5:      cheibrodos_quashed, layout_loops_ring, lemuel_temple_firewalk_a,
          uniq_edmund, uniq_ijyb
Temple:   minmay_crystal_spiral_temple

Skill      XL: |  1  2  3  4  5  6  7  8 |
---------------+-------------------------+-----
Fighting       | 2 3 4 6 |  6.7
Unarmed Combat | 4 5 6 8 |  8.5
Shapeshifting  | 4 |  4.5
Dodging        | |  1.7

Action                     |  1- 3 |  4- 6 |  7- 9 || total
---------------------------+-------+-------+-------++-------
  Melee: Unarmed           |    90 |   117 |   108 ||   315
         Tailslap          |    15 |    16 |    19 ||    50
         Punch             |     3 |     4 |     4 ||    11
  Throw: Dart              |       |       |     8 ||     8
Ability: Breathe Acid      |       |       |    10 ||    10
    Use: Scroll            |       |     8 |       ||     8
   Stab: Sleeping          |     2 |     2 |       ||     4
 Armour: Skin              |    22 |    22 |    33 ||    77
  Dodge: Dodged            |    46 |    59 |    59 ||   164

Table legend: (Time is in decaauts)
 A = Elapsed time spent in this place.
 B = Non-inter-level travel time spent in this place.
 C = Inter-level travel time spent in this place.
 D = Time resting spent in this place.
 E = Time spent auto-exploring this place.
 F = Levels seen in this place.
 G = Mean time per level.
                   A        B        C        D        E       F      G
               +--------+--------+--------+--------+--------+-----+--------+
         Total |   6427 |   6099 |    328 |   1572 |   3620 |   6 | 1071.2 |
       Dungeon |   6290 |   6034 |    256 |   1544 |   3620 |   5 | 1258.0 |
        Temple |    137 |     65 |     72 |     28 |      0 |   1 |  137.0 |
               +--------+--------+--------+--------+--------+-----+--------+

Top non-repeatable levels by time:
     D:4: 1855 daAuts
     D:5: 1694 daAuts
     D:3: 1131 daAuts
     D:2: 1012 daAuts
     D:1: 596 daAuts
  Temple: 137 daAuts
